[ AOE2 MATCH · #478340008 ]
UnrankedTeutons vs Byzantines
Player's team · WIN
Rival team · LOSS
[ REPLAY ANALYSIS · EXTRACTED FROM THE RECORDED GAME ]
Feudal
8:59
Castle
20:07
Imperial
38:54
| APM avg | 73.6 |
| APM peak | 116 |
| eAPM avg | 40.6 |
| Villagers / military | 145 / 142 |
Focus
⚔️ 50.8% · 🌾 49.2%
Militia ×52 · Knight ×43 · Spearman ×27 · Monk ×6 · Skirmisher ×6 · Battering Ram ×5
Feudal
9:41
Castle
21:06
Imperial
35:00
| APM avg | 46.9 |
| APM peak | 87 |
| eAPM avg | 24.3 |
| Villagers / military | 171 / 132 |
Focus
⚔️ 39.1% · 🌾 60.9%
Spearman ×61 · Camel Scout ×50 · Skirmisher ×9 · Hand Cannoneer ×7 · Monk ×3 · Trebuchet (Packed) ×2
Match map
Initial resources + every placement click. Lines = walls · curves = elevation contours. ◆ gold · ⬟ stone · ● berries · ✦ relic · ◌ wall gap
Your base· Open — 4t gap
Scogx's base· Open — unwalled flank
Smoothed initial terrain · ◌ = detected wall gap · hover for details
Inputs per minute
— Zamaa - - Scogx
Build order — Zamaa
First 150 of 463 actions detected
| 0:00 | Create | Villager (Male) |
| 0:01 | Create | Villager (Male) |
| 0:01 | Create | Villager (Male) |
| 0:01 | Create | Villager (Male) |
| 0:02 | Build | House |
| 0:03 | Build | House |
| 1:15 | Create | Villager (Male) |
| 2:00 | Build | Lumber Camp |
| 2:01 | Create | Villager (Male) |
| 2:01 | Create | Villager (Male) |
| 2:20 | Create | Villager (Male) |
| 2:20 | Create | Villager (Male) |
| 2:49 | Create | Villager (Male) |
| 2:50 | Create | Villager (Male) |
| 2:52 | Build | House |
| 3:10 | Create | Villager (Male) |
| 3:10 | Create | Villager (Male) |
| 3:39 | Create | Villager (Male) |
| 3:39 | Create | Villager (Male) |
| 3:59 | Create | Villager (Male) |
| 4:33 | Create | Villager (Male) |
| 4:49 | Create | Villager (Male) |
| 5:00 | Build | Mill |
| 5:03 | Create | Villager (Male) |
| 5:49 | Create | Villager (Male) |
| 5:56 | Research | Loom |
| 6:49 | Research | Feudal Age |
| 6:49 | Research | Feudal Age |
| 6:49 | Research | Feudal Age |
| 6:51 | Build | Barracks |
| 7:17 | Build | House |
| 7:42 | Create | Militia |
| 7:42 | Create | Militia |
| 7:43 | Create | Militia |
| 8:20 | Build | Mining Camp |
| 8:53 | Create | Militia |
| 8:53 | Create | Militia |
| 8:58 | Create | Villager (Male) |
| 8:59 | Age | Feudal Age |
| 9:23 | Build | Archery Range |
| 9:24 | Create | Spearman |
| 9:30 | Create | Villager (Male) |
| 9:31 | Build | Archery Range |
| 9:38 | Build | Archery Range |
| 9:39 | Create | Villager (Male) |
| 9:49 | Create | Spearman |
| 10:13 | Create | Villager (Male) |
| 10:21 | Build | Mill |
| 10:30 | Build | House |
| 10:44 | Create | Archer |
| 10:51 | Build | Palisade Wall |
| 10:55 | Build | Palisade Wall |
| 11:04 | Create | Skirmisher |
| 11:05 | Create | Skirmisher |
| 11:24 | Create | Villager (Male) |
| 11:33 | Create | Villager (Male) |
| 11:44 | Build | House |
| 11:53 | Build | Farm |
| 11:54 | Build | Farm |
| 11:55 | Build | Farm |
| 12:03 | Create | Villager (Male) |
| 12:16 | Create | Skirmisher |
| 12:28 | Build | House |
| 12:32 | Build | Palisade Wall |
| 12:36 | Create | Skirmisher |
| 12:37 | Create | Villager (Male) |
| 12:44 | Build | Farm |
| 12:44 | Build | Farm |
| 12:45 | Build | Farm |
| 12:46 | Build | Farm |
| 12:53 | Research | Horse Collar |
| 12:54 | Research | Horse Collar |
| 12:57 | Build | Farm |
| 12:58 | Build | Farm |
| 13:04 | Create | Villager (Male) |
| 13:15 | Build | House |
| 13:36 | Build | Farm |
| 13:37 | Build | Farm |
| 13:42 | Create | Villager (Male) |
| 13:49 | Research | Double-Bit Axe |
| 13:49 | Research | Double-Bit Axe |
| 14:03 | Build | Farm |
| 14:04 | Create | Villager (Male) |
| 14:33 | Create | Villager (Male) |
| 14:35 | Create | Villager (Male) |
| 14:41 | Create | Skirmisher |
| 14:51 | Build | House |
| 14:52 | Build | House |
| 14:54 | Build | House |
| 14:58 | Create | Villager (Male) |
| 15:02 | Build | Farm |
| 15:05 | Build | Farm |
| 15:25 | Create | Villager (Male) |
| 15:27 | Build | House |
| 15:28 | Build | Palisade Wall |
| 15:49 | Build | Farm |
| 16:04 | Create | Skirmisher |
| 16:30 | Create | Villager (Male) |
| 16:35 | Build | Farm |
| 16:36 | Build | Farm |
| 16:37 | Build | Farm |
| 16:43 | Build | Blacksmith |
| 16:56 | Build | House |
| 16:57 | Build | Palisade Wall |
| 17:01 | Create | Villager (Male) |
| 17:27 | Research | Castle Age |
| 17:28 | Research | Castle Age |
| 17:31 | Build | House |
| 17:59 | Create | Villager (Male) |
| 18:10 | Build | Palisade Gate |
| 18:19 | Build | Palisade Wall |
| 18:51 | Build | Stable |
| 18:54 | Research | Scale Barding Armor |
| 18:54 | Research | Scale Barding Armor |
| 19:20 | Build | Stable |
| 20:05 | Research | Bloodlines |
| 20:05 | Research | Bloodlines |
| 20:07 | Age | Castle Age |
| 20:10 | Create | Knight |
| 20:11 | Create | Knight |
| 20:12 | Create | Villager (Male) |
| 20:14 | Create | Knight |
| 20:14 | Create | Scout Cavalry |
| 20:16 | Research | Bow Saw |
| 20:16 | Research | Bow Saw |
| 20:42 | Create | Knight |
| 20:44 | Create | Knight |
| 21:00 | Create | Villager (Male) |
| 21:00 | Create | Villager (Male) |
| 21:23 | Create | Villager (Male) |
| 21:27 | Build | Town Center |
| 21:36 | Create | Knight |
| 21:38 | Create | Villager (Male) |
| 21:57 | Create | Villager (Male) |
| 22:13 | Research | Forging |
| 22:13 | Create | Villager (Male) |
| 22:14 | Create | Knight |
| 22:16 | Build | Monastery |
| 22:25 | Create | Knight |
| 22:57 | Create | Villager (Male) |
| 22:59 | Create | Monk |
| 23:01 | Create | Knight |
| 23:01 | Create | Knight |
| 23:18 | Create | Villager (Male) |
| 23:28 | Build | Town Center |
| 23:29 | Create | Villager (Male) |
| 23:43 | Create | Villager (Male) |
| 23:47 | Create | Monk |
| 23:49 | Create | Villager (Male) |
| 23:59 | Create | Villager (Male) |
Build order — Scogx
First 150 of 454 actions detected
| 0:00 | Create | Villager (Male) |
| 0:00 | Create | Villager (Male) |
| 0:01 | Create | Villager (Male) |
| 0:02 | Build | House |
| 0:03 | Build | House |
| 0:06 | Create | Villager (Male) |
| 0:06 | Create | Villager (Male) |
| 1:23 | Create | Villager (Male) |
| 1:24 | Create | Villager (Male) |
| 1:53 | Create | Villager (Male) |
| 2:11 | Build | Lumber Camp |
| 2:22 | Create | Villager (Male) |
| 2:56 | Create | Villager (Male) |
| 3:19 | Create | Villager (Male) |
| 3:41 | Create | Villager (Male) |
| 3:52 | Build | House |
| 4:11 | Research | Loom |
| 4:19 | Create | Villager (Male) |
| 4:28 | Build | Mill |
| 4:41 | Create | Villager (Male) |
| 5:06 | Create | Villager (Male) |
| 5:30 | Create | Villager (Male) |
| 6:02 | Create | Villager (Male) |
| 6:11 | Create | Villager (Male) |
| 6:21 | Create | Villager (Male) |
| 6:28 | Build | House |
| 6:58 | Build | Palisade Wall |
| 6:59 | Build | Palisade Wall |
| 7:00 | Build | Palisade Wall |
| 7:05 | Create | Villager (Male) |
| 7:29 | Research | Feudal Age |
| 7:56 | Build | Barracks |
| 8:23 | Create | Villager (Male) |
| 8:38 | Build | Palisade Wall |
| 8:44 | Build | House |
| 9:41 | Age | Feudal Age |
| 9:48 | Build | Palisade Wall |
| 9:51 | Create | Villager (Male) |
| 9:55 | Build | Archery Range |
| 10:02 | Build | House |
| 10:06 | Build | House |
| 10:21 | Create | Villager (Male) |
| 10:27 | Research | Horse Collar |
| 10:34 | Research | Double-Bit Axe |
| 10:41 | Create | Villager (Male) |
| 10:47 | Create | Skirmisher |
| 10:48 | Create | Skirmisher |
| 10:53 | Build | Farm |
| 11:00 | Build | Farm |
| 11:04 | Build | Farm |
| 11:10 | Build | Palisade Wall |
| 11:12 | Build | Palisade Wall |
| 11:13 | Create | Villager (Male) |
| 11:16 | Build | Farm |
| 11:23 | Create | Villager (Male) |
| 11:27 | Build | Farm |
| 11:38 | Create | Skirmisher |
| 11:46 | Build | Palisade Wall |
| 11:49 | Create | Villager (Male) |
| 11:51 | Build | Farm |
| 11:52 | Build | Farm |
| 12:00 | Build | Palisade Wall |
| 12:12 | Build | Farm |
| 12:17 | Build | House |
| 12:27 | Create | Skirmisher |
| 12:35 | Create | Villager (Male) |
| 12:40 | Create | Skirmisher |
| 12:43 | Build | Farm |
| 12:48 | Build | Farm |
| 12:59 | Create | Villager (Male) |
| 13:04 | Build | Lumber Camp |
| 13:07 | Build | Farm |
| 13:18 | Create | Villager (Male) |
| 13:31 | Build | Farm |
| 13:33 | Create | Villager (Male) |
| 13:37 | Build | Farm |
| 13:45 | Create | Skirmisher |
| 13:55 | Create | Villager (Male) |
| 13:59 | Build | Farm |
| 14:11 | Create | Skirmisher |
| 14:33 | Create | Villager (Male) |
| 14:42 | Create | Villager (Male) |
| 14:45 | Build | Blacksmith |
| 14:49 | Build | Farm |
| 14:51 | Build | Mining Camp |
| 14:53 | Create | Villager (Male) |
| 15:24 | Research | Wheelbarrow |
| 15:41 | Build | House |
| 15:54 | Create | Skirmisher |
| 15:55 | Create | Skirmisher |
| 16:08 | Build | Palisade Wall |
| 16:13 | Build | Market |
| 16:19 | Build | Mill |
| 16:21 | Build | Farm |
| 16:22 | Build | Farm |
| 16:23 | Build | Farm |
| 16:33 | Create | Villager (Male) |
| 16:51 | Research | Forging |
| 17:02 | Build | House |
| 17:05 | Create | Villager (Male) |
| 17:11 | Build | Farm |
| 17:19 | Create | Villager (Male) |
| 17:22 | Build | Farm |
| 17:37 | Build | Stable |
| 17:56 | Create | Villager (Male) |
| 18:18 | Research | Castle Age |
| 18:53 | Research | Gold Mining |
| 19:16 | Research | Scale Barding Armor |
| 20:07 | Create | Spearman |
| 20:18 | Research | Scale Barding Armor |
| 20:31 | Create | Villager (Male) |
| 21:06 | Age | Castle Age |
| 21:08 | Build | Town Center |
| 21:10 | Create | Villager (Male) |
| 21:15 | Build | Town Center |
| 21:17 | Create | Camel Scout |
| 21:17 | Create | Camel Scout |
| 21:28 | Research | Bow Saw |
| 21:31 | Research | Heavy Plow |
| 21:32 | Create | Villager (Male) |
| 21:47 | Build | Monastery |
| 21:49 | Create | Camel Scout |
| 21:54 | Create | Villager (Male) |
| 22:03 | Build | Palisade Wall |
| 22:13 | Create | Camel Scout |
| 22:15 | Research | Forging |
| 22:15 | Create | Villager (Male) |
| 22:15 | Create | Villager (Male) |
| 22:16 | Create | Villager (Male) |
| 22:39 | Create | Camel Scout |
| 22:43 | Create | Monk |
| 22:50 | Create | Villager (Male) |
| 22:54 | Build | Farm |
| 23:10 | Build | Stable |
| 23:13 | Create | Camel Scout |
| 23:16 | Research | Iron Casting |
| 23:16 | Create | Villager (Male) |
| 23:20 | Build | Farm |
| 23:21 | Create | Villager (Male) |
| 23:35 | Create | Villager (Male) |
| 23:37 | Create | Camel Scout |
| 23:38 | Create | Camel Scout |
| 23:49 | Create | Camel Scout |
| 23:49 | Create | Camel Scout |
| 23:52 | Research | Husbandry |
| 23:52 | Create | Villager (Male) |
| 23:52 | Create | Villager (Male) |
| 23:52 | Create | Villager (Male) |
| 24:06 | Create | Camel Scout |
| 24:08 | Build | Farm |
Match timeline
| 6:51 | Zamaa · first_building Barracks |
| 6:58 | Scogx · wall_segment Palisade Wall x1 |
| 6:59 | Scogx · wall_segment Palisade Wall x1 |
| 7:00 | Scogx · wall_segment Palisade Wall x1 |
| 7:56 | Scogx · first_building Barracks |
| 8:38 | Scogx · wall_segment Palisade Wall x6 |
| 8:59 | Zamaa · age_up feudal |
| 9:23 | Zamaa · first_building Archery Range |
| 9:41 | Scogx · age_up feudal |
| 9:48 | Scogx · wall_segment Palisade Wall x6 |
| 9:55 | Scogx · first_building Archery Range |
| 10:51 | Zamaa · wall_segment Palisade Wall x6 |
| 10:55 | Zamaa · wall_segment Palisade Wall x9 |
| 11:10 | Scogx · wall_segment Palisade Wall x1 |
| 11:12 | Scogx · wall_segment Palisade Wall x1 |
| 11:46 | Scogx · wall_segment Palisade Wall x2 |
| 12:00 | Scogx · wall_segment Palisade Wall x6 |
| 12:32 | Zamaa · wall_segment Palisade Wall x9 |
| 15:28 | Zamaa · wall_segment Palisade Wall x5 |
| 16:08 | Scogx · wall_segment Palisade Wall x1 |
| 16:57 | Zamaa · wall_segment Palisade Wall x5 |
| 17:37 | Scogx · first_building Stable |
| 17:53 | Scogx · first_market_buy 100 food |
| 17:54 | Scogx · first_market_sell 100 wood |
| 18:19 | Zamaa · wall_segment Palisade Wall x1 |
| 18:51 | Zamaa · first_building Stable |
| 20:07 | Zamaa · age_up castle |
| 21:06 | Scogx · age_up castle |
| 21:47 | Scogx · first_building Monastery |
| 22:03 | Scogx · wall_segment Palisade Wall x1 |
| 22:16 | Zamaa · first_building Monastery |
| 28:10 | Zamaa · first_market_sell 100 wood |
| 28:12 | Zamaa · first_market_buy 100 food |
| 30:21 | Scogx · first_building Castle |
| 31:30 | Zamaa · first_building Siege Workshop |
| 34:10 | Scogx · wall_segment Palisade Wall x1 |
| 35:00 | Scogx · age_up imperial |
| 35:52 | Scogx · wall_segment Palisade Wall x1 |
| 38:35 | Zamaa · first_building Castle |
| 38:54 | Zamaa · age_up imperial |
| 40:08 | Scogx · resign |
[ AI ANALYSIS · 1 CREDIT ]
What really happened in this match?
Wolo.gg analyzes every decision: build order, eco, micro, common mistakes by bracket. Personalized analysis on WhatsApp or Discord in 30 seconds.
Civ guide
Teutons
Perfil
Jugador #8913439